 Dungeon Crawl Stone Soup version 0.27-a0-1525-g1038ab4fd7 (webtiles) character file.

Game seed: 16264953324226092783

1385 nyamberluvr69 the Slasher (level 8, -2/57 HPs)
             Began as an Octopode Berserker on July 10, 2021.
             Was a Priest of Trog.
             Slain by a sky beast (6 damage)
             ... on level 6 of the Dungeon.
             The game lasted 00:08:30 (5588 turns).

nyamberluvr69 the Slasher (Octopode Berserker)      Turns: 5588, Time: 00:08:31

Health: -2/57      AC:  1    Str: 22    XL:     8   Next: 67%
Magic:  8/8        EV: 15    Int: 10    God:    Trog [***...]
Gold:   308        SH:  0    Dex: 13    Spells: 7/7 levels left

rFire    . . .     SeeInvis .   n - +3 falchion
rCold    . . .     Faith    .   (no shield)
rNeg     . . .     Spirit   .   (helmet restricted)
rPois    .         Reflect  .   (no amulet)
rElec    .         Harm     .   g - +6 ring of strength
rCorr    .         Rampage  .   (no ring)
Will     ++...                  (no ring)
Stlth    ++++......             (no ring)
HPRegen  1.19/turn              (no ring)
MPRegen  0.11/turn              (no ring)
                                (no ring)
                                (no ring)

@: strong-willed, regenerating
A: almost no armour, amphibious, 8 rings, camouflage 1, gelatinous body 1,
(nimble swimmer 1), tentacles
a: Renounce Religion, Berserk, Trog's Hand


You were on level 6 of the Dungeon.
You worshipped Trog.
Trog was most pleased with you.
You visited 1 branch of the dungeon, and saw 6 of its levels.

You collected 308 gold pieces.

Inventory:

Hand Weapons
 j - a +4 dagger
 k - a +1 dagger of venom
 n - a +3 falchion (weapon)
Jewellery
 g - a +6 ring of strength (left tentacle)
Wands
 f - a wand of digging (6)
 s - a wand of acid (10)
Scrolls
 c - a scroll of immolation {unknown}
 e - 2 scrolls of blinking
 i - a scroll of fog {unknown}
 q - a scroll of teleportation {unknown}
Potions
 a - a potion of magic {unknown}
 b - 2 potions of curing {unknown}
 d - a potion of resistance {unknown}
 h - a potion of cancellation {unknown}
 l - 2 potions of heal wounds {unknown}
 m - 2 potions of flight {unknown}
 o - a potion of lignification
 p - a potion of berserk rage {unknown}
 r - a potion of might {unknown}
 t - 2 potions of ambrosia


   Skills:
 * Level 6.1 Fighting
 + Level 7.0 Long Blades
 - Level 5.4 Dodging
 - Level 5.5 Stealth


You had 7 spell levels left.
You didn't know any spells.
Your spell library was empty.

Dungeon Overview and Level Annotations

Branches:
Dungeon (6/15)
 Temple: D:4-7

Altars:
Cheibriados
Gozag
Okawaru
Sif Muna
Zin

Annotations:
D:6 Pikel


Innate Abilities, Weirdness & Mutations

You cannot wear most types of armour.
You are amphibious.
You can wear up to eight rings at the same time.
Your skin changes colour to match your surroundings (Stealth+).
Your rubbery body absorbs attacks. (AC +1, EV +1)
((You are camouflaged near water. (Stealth+)))
You have tentacles for arms and can constrict up to eight enemies at once.


Message History

You now have 308 gold pieces (gained 18).
A sky beast and a white imp come into view.
The sky beast flickers out of sight!
Deactivating autopickup; reactivate with Ctrl-A.
You slash the white imp! You grab the white imp.
The white imp is almost dead.
You constrict the white imp.
You kill the white imp!
Trog accepts your kill.
A water moccasin skeleton is nearby!
Something hits you. Something shocks you. Something hits you.
Something shocks you.
You slash the water moccasin skeleton!
Your grab misses the water moccasin skeleton.
The water moccasin skeleton is moderately damaged.
The water moccasin skeleton bites you. Something hits you.
Something shocks you.
You hit the water moccasin skeleton. You grab the water moccasin skeleton.
The water moccasin skeleton is heavily damaged.
You constrict the water moccasin skeleton.
The water moccasin skeleton bites you. Something hits you.
Something shocks you.
The water moccasin skeleton bites you but does no damage.
You are too injured to fight recklessly!
You hit the water moccasin skeleton.
The water moccasin skeleton is almost destroyed.
You constrict the water moccasin skeleton.
Something hits you. Something shocks you.
* * * LOW HITPOINT WARNING * * *
The water moccasin skeleton bites you!
* * * LOW HITPOINT WARNING * * *
Your skin crawls.
You feel strong-willed.
You constrict the water moccasin skeleton.
You destroy the water moccasin skeleton!
Trog accepts your kill. Something hits you.
* * * LOW HITPOINT WARNING * * *
Something shocks you.
You die...

....# ##...##.# #.###
##..###..# ....#
#..####.## ....###.##
#..# ..<.##..#
#.########
##.....#####........#
....................#
##..#..###.##.......#
#..##.##..*#...@...#
##..##..#(#*#.......#
,...###.#.# #..$....#
###.###...# #.......#
.>.....#..###.......#
............##.######
.....<..###.##.*
........#,,....*
#######.#,**##.#
***********


There were no monsters in sight!

Vanquished Creatures
  Sigmund (D:4)
  Eustachio (D:4)
  A sky beast (D:6)
  A black bear (D:5)
  An ogre (D:4)
  A necrophage (D:6)
  A centaur (D:5)
  A phantom (D:6)
  A water moccasin zombie (D:5)
  2 water moccasin skeletons (D:6)
  A centaur zombie (D:6)
  A gnoll shaman (D:5)
  2 hounds
  2 orc priests (D:3)
  2 iguanas (D:6)
  Jessica (D:2)
  A howler monkey zombie (D:6)
  Robin (D:3)
  A howler monkey skeleton (D:5)
  8 gnolls
  3 adders
  A white imp (D:6)
  A worm (D:2)
  2 dart slugs
  5 orcs
  5 endoplasms
  2 giant cockroaches
  16 goblins
  10 hobgoblins
  12 jackals
  4 quokkas
  2 ball pythons
  4 bats
  5 frilled lizards
  7 kobolds
  4 rats
114 creatures vanquished.

Vanquished Creatures (others)
  A goblin (D:3)
1 creature vanquished.

Grand Total: 115 creatures vanquished

Notes
Turn   | Place    | Note
-------+----------+-------------------------------------------
     0 | D:1      | nyamberluvr69 the Octopode Berserker began the quest for
                  | the Orb.
     0 | D:1      | Reached XP level 1. HP: 16/16 MP: 1/1
    40 | D:1      | Reached XP level 2. HP: 14/21 MP: 2/2
   203 | D:1      | Found a faded altar of an unknown god.
   435 | D:1      | Reached XP level 3. HP: 22/26 MP: 3/3
   439 | D:1      | Reached ** piety under Trog
   921 | D:2      | Reached skill level 1 in Stealth
  1146 | D:2      | Noticed Jessica
  1154 | D:2      | Killed Jessica
  1155 | D:2      | Reached skill level 4 in Long Blades
  1155 | D:2      | Reached XP level 4. HP: 29/31 MP: 4/4
  1786 | D:3      | Found a shimmering blue altar of Sif Muna.
  1799 | D:3      | Reached XP level 5. HP: 18/36 MP: 5/5
  2028 | D:3      | Noticed Robin
  2041 | D:3      | Killed Robin
  2605 | D:3      | Found a glowing silver altar of Zin.
  2698 | D:4      | Found an opulent altar of Gozag.
  2699 | D:4      | Found a snail-covered altar of Cheibriados.
  2752 | D:4      | Reached XP level 6. HP: 42/42 MP: 6/6
  2754 | D:4      | Reached *** piety under Trog
  2881 | D:4      | Reached skill level 5 in Long Blades
  2945 | D:4      | Noticed Eustachio
  2955 | D:4      | Killed Eustachio
  2956 | D:4      | Reached XP level 7. HP: 47/47 MP: 7/7
  3086 | D:4      | Noticed Sigmund
  3118 | D:4      | Killed Sigmund
  3119 | D:4      | Reached skill level 5 in Dodging
  3252 | D:4      | Found an iron altar of Okawaru.
  3279 | D:4      | You fall into a shaft and drop 2 floors!
  3287 | D:6      | Reached skill level 5 in Stealth
  3451 | D:6      | Reached skill level 6 in Long Blades
  3566 | D:6      | Noticed Pikel
  3585 | D:5      | Entered Level 5 of the Dungeon
  4149 | D:5      | Reached XP level 8. HP: 47/54 MP: 8/8
  4952 | D:5      | Reached skill level 5 in Fighting
  5451 | D:6      | Reached skill level 7 in Long Blades
  5588 | D:6      | Slain by a sky beast

Illustrated notes

Levels and vault maps discovered:
D:1:      lemuel_arrival_rhombus, layout_rooms,
          shapermc_ecumenical_altar_rom_forum, nrook_uturn,
          kennysheep_crisscross, st_stairs_2, minmay_curled_crystal
D:2:      layout_basic, minivault_25, uniq_jessica
D:3:      layout_loops_cross, zin_treasury, mainiacjoe_overflow_paths,
          uniq_robin
D:4:      layout_rooms, mainiacjoe_overflow_divided_tiny,
          okawaru_ov_weapons_minmay, uniq_sigmund, uniq_eustachio
D:5:      layout_cave_pods
D:6:      layout_rooms, uniq_pikel, uniq_edmund

Skill      XL: |  1  2  3  4  5  6  7  8 |
---------------+-------------------------+-----
Stealth        | 1 2 3 4 5 |  5.5
Long Blades    | 4 5 6 7 |  7.0
Dodging        | 4 5 |  5.4
Fighting       | 4 6 |  6.1

Action                   |  1- 3 |  4- 6 |  7- 9 || total
-------------------------+-------+-------+-------++-------
Melee: Falchion          |    56 |    80 |   100 ||   236
       Constrict         |    14 |    25 |    18 ||    57
       Tentacles         |    12 |    13 |    23 ||    48
Invok: Berserk           |     2 |     6 |     2 ||    10
       Trog's Hand       |       |     1 |     1 ||     2
  Use: Scroll            |       |       |     5 ||     5
       Potion            |       |       |     1 ||     1
 Stab: Sleeping          |     4 |     9 |     4 ||    17
       Distracted        |       |     1 |       ||     1
Armor: Skin              |     4 |     5 |    32 ||    41
Dodge: Dodged            |    39 |    60 |    70 ||   169
       Rpst.: Falchion   |    14 |    16 |    15 ||    45

Table legend: (Time is in decaauts)
 A = Elapsed time spent in this place.
 B = Non-inter-level travel time spent in this place.
 C = Inter-level travel time spent in this place.
 D = Time resting spent in this place.
 E = Time spent auto-exploring this place.
 F = Levels seen in this place.
 G = Mean time per level.
                   A        B        C        D        E       F      G
               +--------+--------+--------+--------+--------+-----+--------+
         Total |   5706 |   5529 |    177 |   1695 |   3076 |   6 |  951.0 |
       Dungeon |   5706 |   5529 |    177 |   1695 |   3076 |   6 |  951.0 |
               +--------+--------+--------+--------+--------+-----+--------+

Top non-repeatable levels by time:
     D:5: 1545 daAuts
     D:3: 1107 daAuts
     D:4: 860 daAuts
     D:2: 852 daAuts
     D:1: 742 daAuts
     D:6: 597 daAuts
